Unix NetHack Version 5.0.0-0 post-release - last build Jun 10 2026 00:39:30 (3ee93aec679c4c4259841fe613dc97188e26a321,branch:main).

Game began 2026-06-14 14:15:19, ended 2026-06-14 14:32:46.

6tay9, neutral female human Barbarian

                    ...
                   ........
           ---    ...)......
          --.--  .....)..)...
          |...| |............
          |.).----.....@)....
          --...--......'d....
           |................
           |...............
      ---- --.......[.....
     --..|----.)..).)..<-
     |...|....*--...-----
     --....----------
      ------
6tay9 the Pillager         St:18/02 Dx:17 Co:18 In:7 Wi:7 Ch:6  Neutral
Dlvl:7  $:65 HP:0(44) Pw:10(10) AC:7  Xp:5 T:2077 

Latest messages:
 You see here a scroll labeled FOOBIE BLETCH.
 C - a scroll labeled FOOBIE BLETCH.
 You kill the gnome!
 You see here an aklys.
 You hear some noises in the distance.
 You hear some noises.
 You hear a chugging sound.
 You hear some noises in the distance.
 You hear some noises.
 A dagger misses you.
 You are hit by a dagger.
 You kill the gnome!
 You hear some noises in the distance.
 There is a gnome corpse here; eat it? [ynq] (n)
 This gnome corpse is fatty.
 You finish eating the gnome corpse.
 The gnome just misses!
 You kill the gnome!
 You are almost hit by a dagger.
 You are hit by a dagger.
 The gnome wields 2 daggers!
 You kill the gnome!
 There is a gnome corpse here; eat it? [ynq] (n)
 This gnome corpse is gamey.
 You finish eating the gnome corpse.
 You see here a white gem.
 You see here 2 daggers.
 You see here a dagger.
 The gold golem hits!
 The gold golem hits again!
 You miss the gold golem.
 The gold golem hits!
 The gold golem hits again!
 You smite the gold golem!
 The gold golem hits!
 The gold golem hits again!
 You smite the gold golem!
 You smite the gold golem!
 The gold golem hits!
 The gold golem hits again!
 You miss the gold golem.
 The gold golem hits!
 The gold golem hits again!
 You smite the gold golem!
 Idefix drops a dagger.
 You miss the gold golem.
 The gold golem hits!
 The gold golem hits again!
 You die...
 Do you want your possessions identified? [ynq] (y)

Inventory:
 Coins    ('$')
  $ - 65 gold pieces
 Weapons  (')')
  v - 7 +0 darts (at the ready)
  B - a blessed +1 dagger
  a - a +0 battle-axe (weapon in hands)
  b - a +0 short sword (alternate weapon; not wielded)
 Armor    ('[')
  x - an uncursed +0 pair of iron shoes
  y - an uncursed +0 dwarvish cloak
  e - an uncursed +0 Hawaiian shirt with a toucan motif
  c - an uncursed +0 ring mail (being worn)
 Comestibles  ('%')
  d - 4 uncursed food rations
  h - an uncursed tripe ration
 Scrolls  ('?')
  u - an uncursed scroll of create monster
  k - an uncursed scroll of genocide
  C - an uncursed scroll of identify
 Potions  ('!')
  z - an uncursed potion of extra healing
 Tools    ('(')
  A - an uncursed oilskin sack containing 1 item
  s - an uncursed sack containing 1 item
  t - an uncursed partly used wax candle (lit)

Contents of the sack:
  an uncursed food ration

Contents of the oilskin sack:
  an uncursed scroll of identify

6tay9 the Barbarian's attributes:

Background:
 You were a Pillager, a level 5 female human Barbarian.
 You were neutral, nominally on a mission for Crom
 who was opposed by Mitra (lawful) and Set (chaotic).
 You were right-handed.
 You were in the Gnomish Mines, on level 7.
 You entered the dungeon 2077 turns ago.
 There was a new moon in effect when your adventure ended.
 You had 257 experience points, 63 more were needed to attain level 6.

Basics:
 You had 0 out of 44 hit points.
 You had all 10 energy points (spell power).
 Your armor class was 7.
 Your wallet contained 65 zorkmids.
 Autopickup was off.

Final Characteristics:
 Your strength was 18/02 (limit:18/100).
 Your dexterity was 17 (limit:18).
 Your constitution was 18 (limit:18).
 Your intelligence was 7 (limit:18).
 Your wisdom was 7 (limit:18).
 Your charisma was 6 (limit:18).

Final Status:
 You weren't hungry.
 You were unencumbered.
 You were wielding an axe.
 You had basic skill with axe.

Final Attributes:
 You were piously aligned.
 You were poison resistant.
 You were warded.
 You are dead.

Miscellaneous:
 You didn't encounter any bones levels.
 Total elapsed playing time was 17 minutes and 26 seconds.

Major events:
 Turn
    1: 6tay9 the neutral female human Barbarian entered the dungeon
  804: attained the rank of Pillager (level 3)
 1326: entered the Gnomish Mines
 2077: killed by a gold golem

You didn't know any spells.

Skills:
 Fighting Skills
   bare handed combat [Basic]
   two weapon combat  [Unskilled]
   riding             [Unskilled]
 Weapon Skills
   dagger             [Unskilled]
   axe                [Basic]
   pick-axe           [Unskilled]
   short sword        [Basic]
   broadsword         [Unskilled]
   long sword         [Unskilled]
   two-handed sword   [Unskilled]
   saber              [Unskilled]
   club               [Unskilled]
   mace               [Unskilled]
   morning star       [Unskilled]
   flail              [Unskilled]
   hammer             [Unskilled]
   quarterstaff       [Unskilled]
   spear              [Unskilled]
   trident            [Unskilled]
   bow                [Unskilled]
 Spellcasting Skills
   attack spells      [Unskilled]
   escape spells      [Unskilled]

Voluntary challenges:
 Character rerolling was not enabled.
 You were an atheist.
 You were illiterate.
 You never genocided any monsters.
 You never polymorphed an object.
 You never changed form.
 You used no wishes.
Achievements:
 You entered a shop.
 You attained the rank of Pillager.
 You entered the Gnomish Mines.

 The Dungeons of Doom: levels 1 to 5
    Level 1:
    Level 2:
       A wand shop, a fountain.
    Level 3:
       A fountain, a sink.
    Level 4:
       A grave.
       Stairs down to The Gnomish Mines.
    Level 5:
 The Gnomish Mines: levels 5 to 7
    Level 5:
    Level 6:
    Level 7: <- You were here.
       Final resting place for
          you, killed by a gold golem.


Vanquished creatures:
  4 gnome leaders
  a floating eye
  5 dwarves
 an iguana
  a coyote
  2 hobbits
  a hobgoblin
  a giant rat
 22 gnomes
  a jackal
  2 foxes
  3 kobolds
  a goblin
  5 grid bugs
  3 lichens
  2 newts
55 creatures vanquished.

No species were genocided or became extinct.

Game over:
                       ----------
                      /          \
                     /    REST    \
                    /      IN      \
                   /     PEACE      \
                  /                  \
                  |      6tay9       |
                  |      65 Au       |
                  | killed by a gold |
                  |      golem       |
                  |                  |
                  |                  |
                  |       2026       |
                 *|     *  *  *      | *
        _________)/\\_//(\/(/\)/\//\/|_)_______

Goodbye 6tay9 the Barbarian...

You died in The Gnomish Mines on dungeon level 7 with 1387 points,
and 65 pieces of gold, after 2077 moves.
You were level 5 with a maximum of 44 hit points when you died.

